 Dungeon Crawl Stone Soup version 0.20-a0-1034-gb277f92 (webtiles) character file.

95 Ichigo the Skirmisher (level 4, -3/37 HPs)
             Began as a Demonspawn Monk on Apr 21, 2017.
             Slain by Sigmund
             ... wielding a +4 scythe of flaming
              (12 damage)
             ... on level 2 of the Dungeon.
             The game lasted 00:03:07 (4638 turns).

Ichigo the Skirmisher (Demonspawn Monk)             Turns: 4638, Time: 00:03:08

Health: -3/37      AC:  7    Str: 17    XL:     4   Next: 39%
Magic:  4/4        EV: 11    Int: 11    God:
Gold:   47         SH:  0    Dex: 16    Spells: 3/3 levels left

rFire    + . .     SeeInvis .     - Unarmed
rCold    . . .     Gourm    .   (no shield)
rNeg     . . .     Faith    .   m - +0 scale mail
rPois    .         Spirit   .   (no helmet)
rElec    .         Reflect  .   (no cloak)
rCorr    .         Harm     .   h - +0 pair of gloves
MR       .....     Rnd*Tele +   (no boots)
Stlth    +.........             (no amulet)
Regen    0.2/turn               k - ring of teleportation (curse)
MPRegen  0.1/turn               (no ring)

@: mighty
A: fire resistance 1
a: no special abilities


You were on level 2 of the Dungeon.
You were hungry.

You visited 1 branch of the dungeon, and saw 2 of its levels.

You collected 47 gold pieces.

Inventory:

Armour
 h - a +0 pair of gloves (worn)
 m - a +0 scale mail (worn)
Jewellery
 k - a cursed ring of teleportation (left hand)
Scrolls
 d - 3 scrolls of teleportation {unknown}
 e - a scroll of fear {unknown}
 f - a scroll of immolation {unknown}
 g - a scroll of amnesia {unknown}
Potions
 o - a potion of heal wounds {unknown}
Comestibles
 b - 2 bread rations
 c - a royal jelly
 j - 2 fruits


   Skills:
 - Level 4.0 Fighting
 - Level 3.6 Dodging
 - Level 3.6 Stealth
 + Level 3.7 Unarmed Combat


You had 3 spell levels left.
You didn't know any spells.

Dungeon Overview and Level Annotations

Branches:
Dungeon (2/15)

Altars:
Vehumet

Annotations:
D:2 Sigmund


Innate Abilities, Weirdness & Mutations

Your flesh is heat resistant. (rF+)


Message History

The puff of flame hits you! You resist.
You hear a zap.
A puff of flame appears from out of thin air!
The puff of flame hits you! You resist.
You hear a zap.
A puff of flame appears from out of thin air!
The puff of flame hits you! Something hits you but does no damage.
You hear a zap.
A puff of flame appears from out of thin air!
The puff of flame hits you! You resist. Something hits you!
Something burns you.
You closely miss something. You closely miss something. Something hits you!
* * * LOW HITPOINT WARNING * * *
Something burns you.
* * * LOW HITPOINT WARNING * * *
You closely miss something. You closely miss something. Something hits you!
You die...

##.####....♣♣≈≈P≈≈≈≈≈≈≈≈≈≈≈≈≈≈≈≈≈≈≈
##.......##♣≈≈♣≈≈≈≈≈≈≈≈≈≈≈≈≈≈≈≈PP≈≈
...####.###≈♣≈PP≈≈P≈≈≈≈≈≈≈≈≈≈≈≈≈≈≈≈
......#.####P♣≈≈♣≈≈P≈≈≈≈≈≈≈≈≈≈≈≈♣P≈
##.##.....##.≈≈≈≈≈)P≈≈≈≈≈≈≈≈≈≈P≈≈♣P
##.##.[...##.#.≈♣≈≈≈P≈≈≈P≈≈≈≈≈≈≈≈≈≈
...##.....##....♣≈♣♣♣♣≈♣≈≈ ≈≈≈≈≈♣≈
#####.....####....♣≈≈≈♣≈♣≈ ♣♣≈≈≈♣≈
..........# #...@....≈≈♣♣≈♣≈≈≈. ..
)########## #...{.##.......... .#
### ###.############## .#####.##
#.# ...##...########.#
.................#
.#........######## .#.........#
##........##


There were no monsters in sight!

Vanquished Creatures
  Jessica (D:2)
  An adder (D:2)
  3 worms (D:2)
  2 leopard geckos
  3 bats
  5 giant cockroaches
  6 hobgoblins
  5 jackals (D:2)
  2 quokkas (D:2)
  3 frilled lizards
  6 goblins (D:2)
  4 kobolds
  7 rats
48 creatures vanquished.

Notes
Turn   | Place    | Note
-------+----------+-------------------------------------------
     0 | D:1      | Ichigo the Demonspawn Monk began the quest for the Orb.
     0 | D:1      | Reached XP level 1. HP: 19/19 MP: 1/1
   557 | D:1      | Reached skill level 1 in Unarmed Combat
  1020 | D:1      | Gained mutation: Your flesh is heat resistant. (rF+) [demonic ancestry]
  1020 | D:1      | Reached XP level 2. HP: 5/25 MP: 2/2
  2526 | D:2      | Found a radiant altar of Vehumet.
  2672 | D:2      | Reached XP level 3. HP: 12/30 MP: 3/3
  3844 | D:2      | Noticed Jessica
  3849 | D:2      | Killed Jessica
  3849 | D:2      | Reached XP level 4. HP: 31/37 MP: 4/4
  4612 | D:2      | Noticed Sigmund
  4638 | D:2      | Slain by Sigmund

Vault maps used:
D:1:      ncdulo_lavacross
D:2:      lemuel_crystal_altar, serial_bayou, serial_bayou_pond_e,
          serial_bayou_lake_a, serial_bayou_shore_b, serial_bayou_shore_a,
          uniq_sigmund, uniq_jessica

Skill      XL: |  1  2  3 |
---------------+----------+-----
Unarmed Combat | 1 2 3 |  3.7
Fighting       | |  4.0
Dodging        | |  3.6
Stealth        | |  3.6

Action                   |  1- 3 |  4- 6 || total
-------------------------+-------+-------++-------
Melee: Unarmed           |   253 |    52 ||   305
       Punch             |     1 |       ||     1
  Use: Potion            |       |     3 ||     3
 Stab: Sleeping          |     6 |       ||     6
  Eat: Chunk             |     9 |     2 ||    11
Armor: Robe              |    20 |       ||    20
       Scale mail        |    61 |    17 ||    78
Dodge: Dodged            |   166 |    19 ||   185
